 Dungeon Crawl Stone Soup version 0.18.1-2-ga659475 (webtiles) character file.

3955 Chiseanne the Jinx (level 10, -4/63 HPs)
             Began as a Human Enchanter on May 8, 2016.
             Was an Initiate of Gozag.
             Slain by an orc warlord (30 damage)
             ... in a bailey.
             The game lasted 00:56:01 (12102 turns).

Chiseanne the Jinx (Human Enchanter)               Turns: 12102, Time: 00:56:01

Health: -4/63      AC:  6    Str: 10    XL:     10   Next: 45%
Magic:  0/21       EV: 12    Int: 16    God:    Gozag
Gold:   445        SH:  0    Dex: 15    Spells: 5 memorised, 16 levels left

rFire  . . .     SeeInvis +     a - +2 short sword (venom)
rCold  . . .     Gourm    .     b - +1 robe
rNeg   . . .     Faith    .     (no shield)
rPois  .         Spirit   +     (helmet restricted)
rElec  .         Dismiss  .     t - +1 cloak
rCorr  +         Reflect  .     g - +0 pair of gloves
SustAt .         Harm     .     (no boots)
MR     .....                    E - amulet of guardian spirit
Stlth  ++........               J - ring of see invisible
                                u - ring of resist corrosion

@: very slightly contaminated, hasted (expiring), very quick, not resistant to
hostile enchantments, unstealthy
A: horns 1, low mp 1, wild magic 1
a: Potion Petition, Call Merchant, Bribe Branch, Renounce Religion


You were in a bailey.
You worshipped Gozag.
Gozag was noncommittal.
You were hungry.

You visited 2 branches of the dungeon, and saw 9 of its levels.
You also visited: Bailey.

You collected 1348 gold pieces.
You paid 903 gold pieces to Gozag.

Inventory:

Hand Weapons
 a - a +2 short sword of venom (weapon)
 s - a +1 flail of protection
 w - a +1 hunting sling
Missiles
 f - 108 stones (quivered)
 h - 202 arrows
 n - 12 poisoned needles
 v - 2 tomahawks
 y - 2 sling bullets
 K - 7 bolts
Armour
 b - a +1 robe (worn)
 g - a +0 pair of gloves (worn)
 t - a +1 cloak (worn)
 x - a +2 helmet
 G - a cursed +0 helmet
Jewellery
 u - a ring of resist corrosion (left hand)
 E - an amulet of guardian spirit (around neck)
 J - a ring of see invisible (right hand)
Wands
 o - a wand of iceblast (5/15)
 z - a wand of confusion (25/48)
 F - a wand of confusion (13/48)
 I - a wand of iceblast (2/15)
 L - a wand of lightning (6/15)
Scrolls
 e - 2 scrolls of remove curse
 p - a scroll of enchant armour
 q - 2 scrolls of magic mapping
 D - a scroll of blinking
 H - 2 scrolls of amnesia
 M - a scroll of identify
Potions
 j - 2 potions of brilliance
 l - 5 potions of curing
 r - 2 potions of cancellation
 A - a potion of berserk rage
 B - 2 potions of lignification
 C - a potion of agility
 N - a potion of heal wounds
 O - a potion of magic
Books
 c - a book of Maledictions

   Spells                             Type                      Level
   a - Corona                         Hexes                        1
   b - Ensorcelled Hibernation        Hexes/Ice                    2
   c - Confuse                        Hexes                        3
   d - Tukima's Dance                 Hexes                        3
   e - Dazzling Spray                 Conjuration/Hexes            3
 i - a book of Ice

   Spells                             Type                      Level
   a - Ice Form                       Ice/Transmutation            4
   b - Metabolic Englaciation         Hexes/Ice                    5
   c - Ozocubu's Refrigeration        Ice                          6
   d - Bolt of Cold                   Conjuration/Ice              6
   e - Freezing Cloud                 Conjuration/Ice/Air          6
   f - Simulacrum                     Ice/Necromancy               6
Comestibles
 k - 3 meat rations


   Skills:
 - Level 1.0 Short Blades
 - Level 2.0 Dodging
 - Level 3.0 Stealth
 * Level 9.5 Spellcasting
 * Level 10.7 Hexes


You had 16 spell levels left.
You knew the following spells:

 Your Spells              Type           Power        Failure   Level  Hunger
a - Corona                Hex            ######.      1%          1    None
b - Confuse               Hex            ######..     1%          3    None
c - Tukima's Dance        Hex            ######..     1%          3    None
d - Dazzling Spray        Conj/Hex       ####....     6%          3    None
e - Ensorcelled Hibernat  Hex/Ice        ####..       2%          2    None


Dungeon Overview and Level Annotations

Branches:
Dungeon (8/15)             Temple (1/1) D:5
   Lair: D:8-11

Altars:
Ashenzari
Cheibriados
Dithmenos
Elyvilon
Fedhas
Gozag
Kikubaaqudgha
Makhleb
Nemelex Xobeh
Okawaru
Pakellas
Qazlal
Ru
Sif Muna
Trog
Vehumet
Xom
Yredelemnul
Zin
The Shining One

Shops:
D:7 =


Innate Abilities, Weirdness & Mutations

You have a pair of small horns on your head.
Your magical capacity is low (-10% MP).
Your spells are a little harder to cast, but a little more powerful.


Message History

The orc warlord is lightly wounded.
Your extra speed is starting to run out.
You hit the orc warlord but do no damage.
The orc warlord is lightly wounded.
The orc warlord shouts, "What's happening?!"
The orc warlord hits you.
Casting: Confuse
Confirm with . or Enter, or press ? or * to list all spells.
Aiming: Corona
Press: ? - help, Shift-Dir - straight line, f - orc warlord
Aim: an orc warlord, wearing a plate armour (lightly wounded, poisoned, confused, chance to defeat MR: 50%)
The orc warlord is outlined in light.
You hit the orc warlord but do no damage.
The orc warlord is lightly wounded.
You hit the orc warlord but do no damage.
You headbutt the orc warlord.
The orc warlord is lightly wounded.
The orc warlord hits you!!
You die...
Your body crumbles into a pile of gold.

.[.###g###...)o⌠.....#
..## .go###...[.....##
..# ..goo.#.........#
.##...g...##..))...##
.#..g....g.#.......#
##.........##.....##
#...........####'## ##
##...o.## .# #....@..#
.## ##.......## [.#


$$$$$ #.........# ..##$ $ $##.........## ...#######.....⌠.....#
..##.....##.........## ).#.......#..$......# [##.......##.......##
)))...[....'.......# You could see an orc warlord (confused).

Vanquished Creatures
  Grinder (D:3)
  A wyvern (D:8)
  2 hippogriffs
  2 dancing weapons
  Duvessa (D:6)
  4 orc warriors
  A black bear (D:8)
  An ice beast (D:2)
  2 phantoms (D:7)
  4 centaurs
  6 giant frogs
  Dowan (D:6)
  A water moccasin zombie (D:6)
  A scorpion (D:5)
  A wight (D:6)
  2 crimson imps
  A centaur zombie (D:6)
  2 giant frog zombies
  2 orc priests
  3 giant frog skeletons
  5 hounds
  4 jellies
  An iguana (D:5)
  8 orc wizards
  3 worker ants
  A hound skeleton (D:4)
  A worker ant zombie (D:5)
  A howler monkey zombie (D:5)
  3 gnolls (Bailey)
  10 adders
  2 shadow imps
  An ooze (D:2)
  5 worms
  A dart slug (D:5)
  6 giant geckos
  13 orcs
  A ball python (D:3)
  4 bats
  7 giant cockroaches
  11 goblins
  16 hobgoblins
  10 jackals
  5 kobolds
  5 quokkas
  A jackal zombie (D:6)
  8 rats
172 creatures vanquished.

Vanquished Creatures (collateral kills)
  6 orc warriors
  3 ogres
  3 wights (D:6)
  2 orc wizards
  Jessica (D:2)
  7 gnolls (Bailey)
  20 orcs
  A ball python (D:5)
  12 goblins (Bailey)
  12 hobgoblins (Bailey)
  A jackal (D:6)
68 creatures vanquished.

Vanquished Creatures (others)
  7 dancing weapons
7 creatures vanquished.

Grand Total: 247 creatures vanquished

Notes
Turn   | Place    | Note
--------------------------------------------------------------
     0 | D:1      | Chiseanne the Human Enchanter began the quest for the Orb.
     0 | D:1      | Reached XP level 1. HP: 13/13 MP: 3/3
   157 | D:1      | Reached XP level 2. HP: 19/19 MP: 5/5
   719 | D:2      | Reached XP level 3. HP: 24/24 MP: 6/6
  1224 | D:2      | Noticed Jessica
  1485 | D:1      | Learned a level 3 spell: Confuse
  1489 | D:1      | Learned a level 3 spell: Tukima's Dance
  1619 | D:2      | Killed Jessica
  1619 | D:2      | Reached skill level 4 in Hexes
  1619 | D:2      | Reached XP level 4. HP: 30/30 MP: 0/8
  2020 | D:2      | Reached XP level 5. HP: 27/35 MP: 1/9
  2375 | D:2      | Noticed an ice beast
  2685 | D:2      | Killed a club
  2921 | D:2      | Gained mutation: Your magical capacity is low (-10% MP). [potion of mutation]
  2921 | D:2      | Gained mutation: Your spells are a little harder to cast, but a little more powerful. [potion of mutation]
  2921 | D:2      | Gained mutation: You have a pair of small horns on your head. [potion of mutation]
  3425 | D:2      | Killed an ice beast
  3425 | D:2      | Reached skill level 5 in Hexes
  3425 | D:2      | Reached XP level 6. HP: 41/41 MP: 4/10
  3729 | D:3      | Noticed Grinder
  3763 | D:3      | Killed Grinder
  3763 | D:3      | Reached XP level 7. HP: 46/46 MP: 2/12
  4005 | D:3      | Reached skill level 6 in Hexes
  4286 | D:3      | Reached skill level 5 in Spellcasting
  4388 | D:3      | Found a burning altar of Makhleb.
  4541 | D:3      | HP: 2/46 [orc priest/nerve-wracking pain (4)]
  5643 | D:5      | Entered Level 5 of the Dungeon
  6300 | D:5      | Reached XP level 8. HP: 52/52 MP: 10/14
  6533 | D:5      | Reached skill level 7 in Hexes
  6837 | D:5      | Learned a level 3 spell: Dazzling Spray
  6877 | D:5      | Found a staircase to the Ecumenical Temple.
  6906 | Temple   | Entered the Ecumenical Temple
  6999 | Temple   | Became a worshipper of Gozag Ym Sagoz the Greedy
  8322 | D:6      | Reached skill level 8 in Hexes
  8343 | D:6      | Reached XP level 9. HP: 49/57 MP: 5/17
  8432 | D:6      | Noticed Duvessa
  8440 | D:6      | Noticed Dowan
  8458 | D:6      | Killed Duvessa
  8465 | D:6      | Killed Dowan
  9053 | D:6      | Reached skill level 9 in Hexes
  9217 | D:6      | Learned a level 2 spell: Ensorcelled Hibernation
 10084 | D:7      | Found an oddly glowing altar of Pakellas.
 10372 | D:7      | Reached XP level 10. HP: 63/63 MP: 13/20
 10472 | D:7      | Reached skill level 10 in Hexes
 10778 | D:8      | Found a flagged portal.
 10877 | Bailey   | Entered a bailey
 12016 | Bailey   | Noticed an orc warlord
 12018 | Bailey   | Noticed an orc knight
 12019 | Bailey   | Noticed an orc knight
 12102 | Bailey   | Slain by an orc warlord

Skill      XL: |  1  2  3  4  5  6  7  8  9 10 |
---------------+-------------------------------+-----
Spellcasting   | 3 4 5 6 8 9 |  9.5
Hexes          | 4 5 6 8 9 10 | 10.7
Short Blades   | |  1.0
Dodging        | |  2.0
Stealth        | |  3.0

Action                   |  1- 3 |  4- 6 |  7- 9 | 10-12 || total
-------------------------+-------+-------+-------+-------++-------
Melee: Dagger            |    62 |    78 |   140 |       ||   280
       Headbutt          |       |     1 |    41 |    14 ||    56
       Short sword       |       |       |    58 |    71 ||   129
 Fire: Hunting sling     |       |    74 |   325 |    75 ||   474
 Cast: Corona            |    18 |    31 |   107 |    18 ||   174
       Confuse           |     2 |    31 |    94 |    28 ||   155
       Tukima's Dance    |     1 |     5 |    45 |    39 ||    90
Invok: Call Merchant     |       |       |       |     1 ||     1
Evoke: Wand              |       |       |     3 |     3 ||     6
  Use: Scroll            |     3 |     3 |     8 |     6 ||    20
       Potion            |       |     2 |     6 |     2 ||    10
 Stab: Sleeping          |     6 |     1 |     1 |       ||     8
       Confused          |     2 |     6 |    11 |     2 ||    21
  Eat: Bread ration      |     1 |       |     3 |     1 ||     5
       Chunk             |       |     8 |    14 |       ||    22
       Beef jerky        |       |       |     1 |       ||     1
Armor: Robe              |     5 |    41 |    39 |     9 ||    94
       Skin              |       |       |     4 |       ||     4
Dodge: Dodged            |    40 |    64 |   103 |    43 ||   250
